| TOP OF THE 1ST |
|
Billings Mustangs batting - Pitching for Kingsport Mets : LHP Pedro Botello
|
|
Pitching: LHP Pedro Botello
|
|
|
Batting: LHB Clint Hanninen
|
0-0: Ball 1-0: Ground out 4-3 (Groundball, 4, EV 80.0 MPH)
|
|
Batting: RHB Will Trudeau
|
0-0: Ground out 1-3 (Groundball, 23, EV 62.5 MPH)
|
|
Batting: LHB Armando Arellano
|
0-0: SINGLE (Line Drive, 8RS, EV 94.4 MPH)
|
|
Batting: RHB Emanuel Estrada
|
0-0: Ball 1-0: Ball 2-0: Foul Ball, location: 2F 2-1: Swinging Strike 2-2: Ball 3-2: 2-RUN HOME RUN (Flyball, 7D, EV 99.4 MPH), Distance : 368 ft
|
|
Batting: RHB Alex Nagera
|
0-0: SOLO HOME RUN (Flyball, 7D, EV 103.8 MPH), Distance : 384 ft
|
|
Batting: SHB Sal Esparza
|
0-0: Ball 1-0: Called Strike 1-1: DOUBLE (Line Drive, 5D, EV 106.2 MPH)
|
|
Batting: RHB Wayne Watson
|
0-0: Ball 1-0: Ball 2-0: Foul Ball, location: 2F 2-1: Ground out 5-3 (Groundball, 5L, EV 99.4 MPH)
|
| Top of the 1st over - 3 runs, 4 hits, 0 errors, 1 left on base; Billings 3 - Kingsport 0 |
| BOTTOM OF THE 1ST |
|
Kingsport Mets batting - Pitching for Billings Mustangs : RHP Ryan Krause
|
|
Pitching: RHP Ryan Krause
|
|
|
Batting: RHB Eric Zylstra
|
0-0: Ball 1-0: Ball 2-0: Swinging Strike 2-1: Foul Ball, location: 2F 2-2: Ground out U3 (Groundball, 34S, EV 86.9 MPH)
|
|
Batting: SHB Josh Thomson
|
0-0: Ball 1-0: Ball 2-0: Ball 3-0: Base on Balls
|
|
Batting: RHB Juan Medina
|
0-0: Called Strike Josh Thomson steals 2nd base 0-1: Ball 1-1: Ball 2-1: Fly out, F4 (Line Drive, 4MD, EV 66.9 MPH)
|
|
Batting: RHB Dan Muse
|
0-0: Called Strike 0-1: Swinging Strike 0-2: Fly out, F8 (Flyball, 89S, EV 82.5 MPH)
|
| Bottom of the 1st over - 0 runs, 0 hits, 0 errors, 1 left on base; Billings 3 - Kingsport 0 |
| TOP OF THE 2ND |
|
Billings Mustangs batting - Pitching for Kingsport Mets : LHP Pedro Botello
|
|
Batting: RHB Ruben Cantu
|
0-0: Ball 1-0: Ground out 4-3 (Groundball, 4, EV 87.5 MPH)
|
|
Batting: RHB Jimmy Geddes
|
0-0: Ground out U3 (Groundball, 3, EV 103.1 MPH)
|
|
Batting: LHB Clint Hanninen
|
0-0: Swinging Strike 0-1: SINGLE (Groundball, 56S, EV 71.9 MPH) (infield hit)
|
|
Batting: RHB Will Trudeau
|
0-0: Ball 1-0: Foul Ball, location: 2F 1-1: Called Strike 1-2: Ball 2-2: Strikes out swinging
|
| Top of the 2nd over - 0 runs, 1 hit, 0 errors, 1 left on base; Billings 3 - Kingsport 0 |
| BOTTOM OF THE 2ND |
|
Kingsport Mets batting - Pitching for Billings Mustangs : RHP Ryan Krause
|
|
Batting: RHB Chris Artz
|
0-0: Ball 1-0: Foul Ball, location: 2F 1-1: Ball 2-1: Ball 3-1: SOLO HOME RUN (Flyball, 78XD, EV 105.6 MPH), Distance : 404 ft
|
|
Batting: RHB Warren Carmichael
|
0-0: Called Strike 0-1: Ground out 4-3 (Groundball, 4, EV 86.2 MPH)
|
|
Batting: LHB Randolph Brodbeck
|
0-0: Swinging Strike 0-1: Ball 1-1: Ball 2-1: Foul Ball, location: 2F 2-2: Ground out 5-3 (Groundball, 56S, EV 89.4 MPH)
|
|
Batting: RHB Craig Alvarado
|
0-0: Ball 1-0: Called Strike 1-1: Ball 2-1: Ball 3-1: Foul Ball, location: 2F 3-2: Foul Ball, location: 2F 3-2: Foul Ball, location: 2F 3-2: Strikes out looking
|
| Bottom of the 2nd over - 1 run, 1 hit, 0 errors, 0 left on base; Billings 3 - Kingsport 1 |
| TOP OF THE 3RD |
|
Billings Mustangs batting - Pitching for Kingsport Mets : LHP Pedro Botello
|
|
Batting: LHB Armando Arellano
|
0-0: Ball 1-0: Foul Ball, location: 2F 1-1: Ball 2-1: Ball 3-1: Base on Balls
|
|
Batting: RHB Emanuel Estrada
|
0-0: Ball 1-0: 2-RUN HOME RUN (Flyball, 7LD, EV 103.8 MPH), Distance : 383 ft
|
|
Batting: RHB Alex Nagera
|
0-0: Called Strike 0-1: Ball 1-1: Foul Ball, location: 2F 1-2: Foul Ball, location: 2F 1-2: Strikes out swinging
|
|
Batting: SHB Sal Esparza
|
0-0: Called Strike 0-1: Ball 1-1: Ball 2-1: Swinging Strike 2-2: Foul Ball, location: 2F 2-2: Strikes out swinging
|
|
Batting: RHB Wayne Watson
|
0-0: Ball 1-0: Ball 2-0: Called Strike 2-1: Foul Ball, location: 2F 2-2: Strikes out swinging
|
| Top of the 3rd over - 2 runs, 1 hit, 0 errors, 0 left on base; Billings 5 - Kingsport 1 |
| BOTTOM OF THE 3RD |
|
Kingsport Mets batting - Pitching for Billings Mustangs : RHP Ryan Krause
|
|
Batting: LHB Rick Vallis
|
0-0: Ball 1-0: Called Strike 1-1: Foul Ball, location: 2F 1-2: Fly out, F7 (Line Drive, 7, EV 89.4 MPH)
|
|
Batting: RHB Eric Zylstra
|
0-0: Fly out, F7 (Flyball, 7D, EV 88.1 MPH)
|
|
Batting: SHB Josh Thomson
|
0-0: Ball 1-0: Foul Ball, location: 2F 1-1: Foul Ball, location: 2F 1-2: Ball 2-2: Ground out 4-3 (Groundball, 4, EV 89.4 MPH)
|
| Bottom of the 3rd over - 0 runs, 0 hits, 0 errors, 0 left on base; Billings 5 - Kingsport 1 |
| TOP OF THE 4TH |
|
Billings Mustangs batting - Pitching for Kingsport Mets : LHP Pedro Botello
|
|
Pitching: LHP Bryce Anderson
|
|
|
Batting: RHB Ruben Cantu
|
0-0: Called Strike 0-1: Fly out, F9 (Line Drive, 9S, EV 93.8 MPH)
|
|
Batting: RHB Jimmy Geddes
|
0-0: Ball 1-0: Called Strike 1-1: Foul Ball, location: 2F 1-2: Strikes out swinging
|
|
Batting: LHB Clint Hanninen
|
0-0: Ball 1-0: Ground out 4-3 (Groundball, 4, EV 88.8 MPH)
|
| Top of the 4th over - 0 runs, 0 hits, 0 errors, 0 left on base; Billings 5 - Kingsport 1 |
| BOTTOM OF THE 4TH |
|
Kingsport Mets batting - Pitching for Billings Mustangs : RHP Ryan Krause
|
|
Batting: RHB Juan Medina
|
0-0: Ball 1-0: Called Strike 1-1: Fly out, F8 (Line Drive, 8LD, EV 97.5 MPH)
|
|
Batting: RHB Dan Muse
|
0-0: Called Strike 0-1: Ball 1-1: Foul Ball, location: 2F 1-2: Ball 2-2: Ball 3-2: Foul Ball, location: 2F 3-2: Base on Balls
|
|
Batting: RHB Chris Artz
|
0-0: Foul Ball, location: 2F 0-1: Ball 1-1: Ball 2-1: Ball 3-1: Called Strike 3-2: Foul Ball, location: 2F 3-2: Foul Ball, location: 2F 3-2: Base on Balls Dan Muse to second
|
|
Batting: RHB Warren Carmichael
|
0-0: Foul Ball, location: 2F 0-1: Called Strike 0-2: Ball 1-2: Ball 2-2: Ball 3-2: Base on Balls Dan Muse to third Chris Artz to second
|
|
Pitching: RHP Cortez Restrepo
|
|
|
Batting: LHB Randolph Brodbeck
|
0-0: Ball 1-0: Called Strike 1-1: Swinging Strike 1-2: Ball 2-2: Ball 3-2: Foul Ball, location: 2F 3-2: Strikes out swinging
|
|
Batting: RHB Craig Alvarado
|
0-0: Ball 1-0: Ground out 5-3 (Groundball, 56, EV 103.8 MPH)
|
| Bottom of the 4th over - 0 runs, 0 hits, 0 errors, 3 left on base; Billings 5 - Kingsport 1 |
| TOP OF THE 5TH |
|
Billings Mustangs batting - Pitching for Kingsport Mets : LHP Bryce Anderson
|
|
Batting: RHB Will Trudeau
|
0-0: Ball 1-0: Foul Ball, location: 2F 1-1: Ball 2-1: Called Strike 2-2: SINGLE (Line Drive, 6MD, EV 101.9 MPH)
|
|
Batting: LHB Armando Arellano
|
0-0: Ball 1-0: Ball 2-0: Ball 3-0: Base on Balls Will Trudeau to second
|
|
Batting: RHB Emanuel Estrada
|
0-0: SINGLE (Groundball, 34D, EV 95.0 MPH) Will Trudeau to third Armando Arellano to second Runner from 3rd tries for Home, SAFE, throw by RF to home
|
|
Batting: RHB Alex Nagera
|
0-0: Ball 1-0: Ball 2-0: Called Strike 2-1: Ball 3-1: Swinging Strike 3-2: Base on Balls Armando Arellano to third Emanuel Estrada to second
|
|
Batting: SHB Sal Esparza
|
0-0: Swinging Strike 0-1: Swinging Strike 0-2: Ball 1-2: Ball 2-2: Foul Ball, location: 2F 2-2: Ball 3-2: Base on Balls Armando Arellano scores Emanuel Estrada to third Alex Nagera to second
|
|
Batting: RHB Wayne Watson
|
0-0: Ball 1-0: Called Strike 1-1: SINGLE (Groundball, 4MD, EV 94.4 MPH) Emanuel Estrada scores Alex Nagera to third Sal Esparza to second
|
|
Batting: RHB Ruben Cantu
|
0-0: Ball 1-0: DOUBLE (Groundball, 5L, EV 107.5 MPH) Alex Nagera scores Sal Esparza scores Wayne Watson to third
|
|
Pitching: LHP Antonio Davila
|
|
|
Batting: RHB Jimmy Geddes
|
0-0: Ball 1-0: Hit by Pitch
|
|
Batting: LHB Clint Hanninen
|
0-0: Ball 1-0: Fielders Choice at 2nd, 4-6 (Groundball, 4, EV 83.8 MPH) Wayne Watson scores Ruben Cantu to third
|
|
Batting: RHB Will Trudeau
|
0-0: TRIPLE (Line Drive, 89XD, EV 105.6 MPH) Ruben Cantu scores Clint Hanninen scores
|
|
Batting: LHB Armando Arellano
|
0-0: Ball 1-0: Ball 2-0: Ball 3-0: Called Strike 3-1: Foul Ball, location: 2F 3-2: Foul Ball, location: 2F 3-2: Base on Balls
|
|
Batting: RHB Emanuel Estrada
|
0-0: Fielders Choice at 2nd, 4-6 (Groundball, 4, EV 81.2 MPH) Will Trudeau scores
|
|
Batting: RHB Alex Nagera
|
0-0: Swinging Strike 0-1: Ball 1-1: Swinging Strike 1-2: Strikes out swinging
|
| Top of the 5th over - 9 runs, 5 hits, 0 errors, 1 left on base; Billings 14 - Kingsport 1 |
| BOTTOM OF THE 5TH |
|
Kingsport Mets batting - Pitching for Billings Mustangs : RHP Cortez Restrepo
|
|
Batting: LHB Rick Vallis
|
0-0: Ball 1-0: Ball 2-0: Foul Ball, location: 2F 2-1: Ball 3-1: Swinging Strike 3-2: Strikes out swinging
|
|
Batting: RHB Eric Zylstra
|
0-0: Called Strike 0-1: Ball 1-1: Ball 2-1: Ball 3-1: Fly out, F9 (Flyball, 9, EV 75.0 MPH)
|
|
Batting: SHB Josh Thomson
|
0-0: Ground out U3 (Groundball, 3, EV 109.4 MPH)
|
| Bottom of the 5th over - 0 runs, 0 hits, 0 errors, 0 left on base; Billings 14 - Kingsport 1 |
| TOP OF THE 6TH |
|
Billings Mustangs batting - Pitching for Kingsport Mets : LHP Antonio Davila
|
|
Batting: SHB Sal Esparza
|
0-0: Swinging Strike 0-1: Ball 1-1: Foul Ball, location: 2F 1-2: SINGLE (Groundball, 56D, EV 98.8 MPH) (infield hit)
|
|
Batting: RHB Wayne Watson
|
0-0: Foul Ball, location: 2F 0-1: Foul Ball, location: 2F 0-2: Ball 1-2: Ball 2-2: Ball 3-2: Foul Ball, location: 2F 3-2: Foul Ball, location: 2F 3-2: Base on Balls Sal Esparza to second
|
|
Pitching: RHP Mike Echegoyen
|
|
|
Batting: RHB Ruben Cantu
|
0-0: Ball 1-0: Hit by Pitch Sal Esparza to third Wayne Watson to second
|
|
Batting: RHB Jimmy Geddes
|
0-0: Foul Ball, location: 2F 0-1: Ball 1-1: Foul Ball, location: 2F 1-2: Foul Ball, location: 2F 1-2: Strikes out swinging
|
|
Batting: LHB Clint Hanninen
|
0-0: Ball 1-0: Ball 2-0: Foul Ball, location: 2F 2-1: Ball 3-1: Foul Ball, location: 2F 3-2: Base on Balls Sal Esparza scores Wayne Watson to third Ruben Cantu to second
|
|
Batting: RHB Will Trudeau
|
0-0: Ball 1-0: Called Strike 1-1: Ball 2-1: Foul Ball, location: 2F 2-2: Foul Ball, location: 2F 2-2: Foul Ball, location: 2F 2-2: Foul Ball, location: 2F 2-2: Foul Ball, location: 2F 2-2: Fielders Choice at 2nd, 4-6 (Groundball, 34, EV 105.6 MPH) Wayne Watson scores Ruben Cantu to third
|
|
Batting: LHB Armando Arellano
|
0-0: Ball Wild Pitch! Ruben Cantu scores Will Trudeau to second 1-0: Ball 2-0: Fly out, F8 (Line Drive, 8RM, EV 90.0 MPH)
|
| Top of the 6th over - 3 runs, 1 hit, 0 errors, 1 left on base; Billings 17 - Kingsport 1 |
| BOTTOM OF THE 6TH |
|
Kingsport Mets batting - Pitching for Billings Mustangs : RHP Cortez Restrepo
|
|
Batting: RHB Juan Medina
|
0-0: Ball 1-0: Ball 2-0: Ball 3-0: Base on Balls
|
|
Batting: RHB Dan Muse
|
0-0: Swinging Strike 0-1: Ball 1-1: Foul Ball, location: 2F 1-2: Ball 2-2: Foul Ball, location: 2F 2-2: Foul Ball, location: 2F 2-2: Strikes out swinging
|
|
Batting: RHB Chris Artz
|
0-0: Called Strike 0-1: Ball 1-1: Ball 2-1: Ball 3-1: Base on Balls Juan Medina to second
|
|
Batting: RHB Warren Carmichael
|
0-0: Swinging Strike 0-1: Ball 1-1: Ball 2-1: Ball 3-1: Base on Balls Juan Medina to third Chris Artz to second
|
|
Pitching: RHP Boboy Cacabelos
|
|
|
Batting: LHB Randolph Brodbeck
|
0-0: Fly out, F7 (Flyball, 78S, EV 87.5 MPH)
|
|
Batting: RHB Craig Alvarado
|
0-0: Called Strike 0-1: Ball 1-1: Ball 2-1: Fly out, F5 (Popup, 5F, EV 73.8 MPH)
|
| Bottom of the 6th over - 0 runs, 0 hits, 0 errors, 3 left on base; Billings 17 - Kingsport 1 |
| TOP OF THE 7TH |
|
Billings Mustangs batting - Pitching for Kingsport Mets : RHP Mike Echegoyen
|
|
Batting: RHB Emanuel Estrada
|
0-0: Swinging Strike 0-1: Swinging Strike 0-2: Ball 1-2: Fly out, F8 (Flyball, 8LXD, EV 100.0 MPH)
|
|
Pinch Hitting: RHB Declan Eichele
|
0-0: Called Strike 0-1: Swinging Strike 0-2: Ball 1-2: Foul Ball, location: 2F 1-2: Strikes out looking
|
|
Batting: SHB Sal Esparza
|
0-0: SINGLE (Groundball, 6S, EV 65.0 MPH) (infield hit)
|
|
Batting: RHB Wayne Watson
|
0-0: Fly out, F8 (Flyball, 8RD, EV 75.6 MPH)
|
| Top of the 7th over - 0 runs, 1 hit, 0 errors, 1 left on base; Billings 17 - Kingsport 1 |
| BOTTOM OF THE 7TH |
|
Kingsport Mets batting - Pitching for Billings Mustangs : RHP Boboy Cacabelos
|
|
Now at 3B: Teddy Bonaddio
|
|
|
Batting: LHB Rick Vallis
|
0-0: Called Strike 0-1: Ground out 1-3 (Groundball, 15S, EV 64.4 MPH)
|
|
Pinch Hitting: RHB Kyle Verkamp
|
0-0: Called Strike 0-1: Foul Ball, location: 2F 0-2: Ball 1-2: Foul Ball, location: 2F 1-2: Strikes out swinging
|
|
Batting: SHB Josh Thomson
|
0-0: Swinging Strike 0-1: Ball 1-1: Called Strike 1-2: Ball 2-2: Strikes out swinging
|
| Bottom of the 7th over - 0 runs, 0 hits, 0 errors, 0 left on base; Billings 17 - Kingsport 1 |
| TOP OF THE 8TH |
|
Billings Mustangs batting - Pitching for Kingsport Mets : RHP Mike Echegoyen
|
|
Now in RF: Kyle Verkamp
|
|
|
Batting: RHB Ruben Cantu
|
0-0: Called Strike 0-1: Ball 1-1: Called Strike 1-2: Ball 2-2: Strikes out swinging, 2-3 out at first.
|
|
Pinch Hitting: LHB Rodrigo Samano
|
0-0: Swinging Strike 0-1: Called Strike 0-2: Strikes out looking
|
|
Batting: LHB Clint Hanninen
|
0-0: Foul Ball, location: 2F 0-1: Foul Ball, location: 2F 0-2: Ball 1-2: Ball 2-2: Strikes out looking
|
| Top of the 8th over - 0 runs, 0 hits, 0 errors, 0 left on base; Billings 17 - Kingsport 1 |
| BOTTOM OF THE 8TH |
|
Kingsport Mets batting - Pitching for Billings Mustangs : RHP Boboy Cacabelos
|
|
Now at 1B: Rodrigo Samano
|
|
|
Batting: RHB Juan Medina
|
0-0: TRIPLE (Line Drive, 8LXD, EV 106.2 MPH)
|
|
Batting: RHB Dan Muse
|
0-0: Ball 1-0: 2-RUN HOME RUN (Flyball, 7D, EV 95.0 MPH), Distance : 371 ft
|
|
Pinch Hitting: RHB Isaiah Heath
|
0-0: Ball 1-0: Swinging Strike 1-1: Called Strike 1-2: Strikes out swinging
|
|
Batting: RHB Warren Carmichael
|
0-0: Swinging Strike 0-1: Foul Ball, location: 2F 0-2: Hit by Pitch
|
|
Batting: LHB Randolph Brodbeck
|
0-0: Swinging Strike 0-1: Ball 1-1: Grounds into double play, 6-4-3 (Groundball, 6, EV 85.6 MPH)
|
| Bottom of the 8th over - 2 runs, 2 hits, 0 errors, 0 left on base; Billings 17 - Kingsport 3 |
| TOP OF THE 9TH |
|
Billings Mustangs batting - Pitching for Kingsport Mets : RHP Mike Echegoyen
|
|
Now in LF: Isaiah Heath
|
|
|
Pinch Hitting: RHB Juan Oliveros
|
0-0: Ball 1-0: Called Strike 1-1: Swinging Strike 1-2: Ball 2-2: Foul Ball, location: 2F 2-2: Strikes out swinging
|
|
Batting: LHB Armando Arellano
|
0-0: Ball 1-0: Swinging Strike 1-1: Foul Ball, location: 2F 1-2: Ball 2-2: Ball 3-2: Ground out 4-3 (Groundball, 4, EV 76.2 MPH)
|
|
Batting: RHB Emanuel Estrada
|
0-0: Foul Ball, location: 2F 0-1: Foul Ball, location: 2F 0-2: Strikes out looking
|
| Top of the 9th over - 0 runs, 0 hits, 0 errors, 0 left on base; Billings 17 - Kingsport 3 |
| BOTTOM OF THE 9TH |
|
Kingsport Mets batting - Pitching for Billings Mustangs : RHP Boboy Cacabelos
|
|
Now in LF: Juan Oliveros
|
|
|
Now in RF: Ruben Cantu
|
|
|
Batting: RHB Craig Alvarado
|
0-0: Foul Ball, location: 2F 0-1: Ball 1-1: Foul Ball, location: 2F 1-2: Strikes out swinging
|
|
Pinch Hitting: RHB Artyom Shavkunov
|
0-0: Ball 1-0: Ball 2-0: Called Strike 2-1: Fly out, F8 (Flyball, 89M, EV 76.9 MPH)
|
|
Batting: RHB Kyle Verkamp
|
0-0: Ball 1-0: Ground out 4-3 (Groundball, 4, EV 95.6 MPH)
|
| Bottom of the 9th over - 0 runs, 0 hits, 0 errors, 0 left on base; Billings 17 - Kingsport 3 |
|